 Dungeon Crawl Stone Soup version 0.23-a0-171-g5ae17c6 (webtiles) character file.

4 Inarius the Skirmisher (level 1, -2/18 HPs)
             Began as a Mummy Fighter on Sept 14, 2018.
             Slain by Natasha (6 damage)
             ... on level 2 of the Dungeon.
             The game lasted 00:00:25 (198 turns).

Inarius the Skirmisher (Mummy Fighter)               Turns: 198, Time: 00:00:25

Health: -2/18      AC:  6    Str: 19    XL:     1   Next: 50%
Magic:  1/1        EV:  7    Int:  7    God:
Gold:   6          SH:  8    Dex: 11    Spells: 0/0 levels left

rFire    x . .     SeeInvis .   a - +0 long sword
rCold    + . .     Gourm    .   c - +0 shield
rNeg     + + +     Faith    .   b - +0 scale mail
rPois    ∞         Spirit   .   (no helmet)
rElec    .         Reflect  .   (no cloak)
rCorr    .         Harm     .   (no gloves)
MR       .....                  (no boots)
Stlth    ..........             (no amulet)
HPRegen  0.06/turn              (no ring)
MPRegen  0.07/turn              (no ring)

@: slowed, very slow
A: no food or potions, fire vulnerability, cold resistance 1, negative energy
resistance 3, torment resistance, unbreathing
a: no special abilities


You were on level 2 of the Dungeon.
You were not hungry.

You visited 1 branch of the dungeon, and saw 2 of its levels.

You collected 6 gold pieces.

Inventory:

Hand Weapons
 a - a +0 long sword (weapon)
Armour
 b - a +0 scale mail (worn)
 c - a +0 shield (worn)


   Skills:
 * Level 3.1 Fighting
 - Level 1.5 Long Blades
 + Level 2.4 Armour
 + Level 2.4 Shields


You couldn't memorise any spells.
You didn't know any spells.
Your spell library was empty.

Dungeon Overview and Level Annotations

Branches:
Dungeon (1/15)

Altars:

Annotations:
D:2 Natasha


Innate Abilities, Weirdness & Mutations

You do not eat or drink.
Your flesh is vulnerable to fire.
You are immune to poison.
Your flesh is cold resistant. (rC+)
You are immune to negative energy. (rN+++)
You are immune to unholy pain and torment.
You can survive without breathing.


Message History

You resist with significant effort. You block the giant cockroach's attack.
You block the quokka's attack.
You closely miss Natasha.
Natasha is moderately wounded.
You block the giant cockroach's attack.
Natasha casts a spell.
The quokka barely misses you. You block the giant cockroach's attack.
Natasha claws you but does no damage.
The quokka bites you but does no damage.
The giant cockroach barely misses you.
You hit Natasha.
Natasha is heavily wounded.
The quokka bites you. Natasha claws you.
* * * LOW HITPOINT WARNING * * *
The giant cockroach waves its antennae.
The giant cockroach bites you but does no damage.
The quokka bites you but does no damage.
You block Natasha's attack. You block the giant cockroach's attack.
You block the quokka's attack.
The crimson imp blinks!
Natasha claws you.
You die...

#............
######............
#..............$#
#...............#
#...............####
#....h.(..(........#
.........##...K......#
.........##..hrs§....#
.........#####@.....5.
.....s...# ###......
.....###K. ..... ....
#.. .... ## .. .?. ..
.


You could see Natasha, a crimson imp, a quokka, a giant cockroach and a kobold.

Vanquished Creatures
  A leopard gecko (D:1)
  A bat (D:1)
  A kobold (D:1)
  A rat (D:1)
4 creatures vanquished.

Notes
Turn   | Place    | Note
-------+----------+-------------------------------------------
     0 | D:1      | Inarius the Mummy Fighter began the quest for the Orb.
     0 | D:1      | Reached XP level 1. HP: 18/18 MP: 1/1
   185 | D:1      | You fall through a shaft!
   185 | D:2      | Noticed Natasha
   198 | D:2      | Noticed a crimson imp
   198 | D:2      | Slain by Natasha

Vault maps used:
D:1:      dpeg_arrival_solitude, minmay_crystal_water
D:2:      cheibrodos_gnoll_hut, uniq_natasha

Action                   || total
-------------------------++-------
Melee: Long sword        ||    15
Armor: Scale mail        ||    18
Dodge: Dodged            ||    14
Block: Shield            ||    13
       Rpst.: Long sword ||     6

Table legend:
 A = Non-vault XP
 B = Vault XP
 C = Vault XP percentage of total XP
 D = Non-vault monster count
 E = Vault monster count
 F = Vault count percentage of total count
                 A         B        C        D         E       F
            +---------+---------+-------+---------+---------+-------
      Total |       6 |       0 |   0.0 |       4 |       0 |   0.0
            +---------+---------+-------+---------+---------+-------
        D:1 |       6 |       0 |   0.0 |       4 |       0 |   0.0
            +---------+---------+-------+---------+---------+-------
